 Dungeon Crawl Stone Soup version 0.15-a0-1914-g8cb84b8 (webtiles) character file.

40 Econoterrorist the Insei (level 3, -9/26 HPs)
             Began as a Demonspawn Transmuter on July 7, 2014.
             Mangled by Terence
             ... wielding a +2 hand axe of flaming
              (10 damage)
             ... on Level 2 of the Dungeon.
             The game lasted 00:04:15 (1427 turns).

Econoterrorist the Insei (Demonspawn Transmuter)    Turns: 1427, Time: 00:04:15

HP  -9/26        AC  2     Str 10      XL: 3   Next: 30%
MP   5/6         EV 12     Int 20      God:
Gold 63          SH  0     Dex 13      Spells:  1 memorised,  5 levels left

rFire  . . .     SeeInvis .       - Unarmed
rCold  . . .     Clarity  .     c - +0 robe
rNeg   . . .     rCorr    .     (no shield)
rPois  .         rRot     .     (helmet restricted)
rElec  .         Spirit   .     (no cloak)
SustAb .         Warding  .     (no gloves)
rMut   .         Stasis   .     (boots unavailable)
Gourm  .                        (no amulet)
MR     .....                    (no ring)
                                (no ring)

@: brilliant, appendage, not resistant to hostile enchantments, very unstealthy
A: horns 1, talons 3
a: End Transformation


You were on level 2 of the Dungeon.
You were not hungry.
You had grown temporary talons.
You visited 1 branch of the dungeon, and saw 2 of its levels.

You collected 63 gold pieces.

Inventory:

Missiles
 b - 12 arrows
Armour
 c - a +0 robe (worn)
Comestibles
 a - a bread ration
 h - a chunk of ball python flesh
Scrolls
 g - a scroll of identify {unknown}
 i - a scroll of teleportation {unknown}
Books
 d - a book of Changes

   Spells                             Type                      Level
   *Beastly Appendage                 Transmutation                1
   Sticks to Snakes                   Transmutation                2
   Spider Form                        Transmutation/Poison         3
   Ice Form                           Ice/Transmutation            4
   Blade Hands                        Transmutation                5


   Skills:
 - Level 1.0 Fighting
 - Level 1.7 Dodging
 + Level 4.0 Unarmed Combat
 - Level 2.0 Spellcasting
 - Level 1.7 Transmutations


You had 5 spell levels left.
You knew the following spells:

 Your Spells              Type           Power        Failure   Level  Hunger
a - Beastly Appendage     Trmt           ###...       1%          1    #......


Dungeon Overview and Level Annotations

Branches:
Dungeon (2/15)

Altars:
Nemelex Xobeh

Annotations:
D:2 Terence


Innate Abilities, Weirdness & Mutations

You have a pair of small horns on your head.
You have claws for feet.


Message History

Terence burns you.
* * * LOW HITPOINT WARNING * * *
Casting: Beastly Appendage
Confirm with . or Enter, or press ? or * to list all spells.
Your feet morph into talons.
Terence barely misses you.
Your magical contamination has completely faded away.
You hit Terence. You claw Terence.
Terence is moderately wounded.
Terence hits you with a hand axe of flaming.
* * * LOW HITPOINT WARNING * * *
Terence burns you.
* * * LOW HITPOINT WARNING * * *
You aren't carrying any potions.
Read which item? (? for menu, Esc to quit)
As you read the scroll labeled SKAADGH INUXT, it crumbles to dust.
It is a scroll of recharging.
You aren't carrying any rechargeable items.
Terence shouts, "Get ready for death!"
Terence hits you with a hand axe of flaming!
You die...

....g...#...............
###..?#>#.############.#
#.........# #.#
#.##.##.### #.# #%# #.#
#.# #.# #.# #.# #@# #.#
#@# #.# #.######## #.#
#.##.....# #.#
......###<#######.#
###.>...%........#
##.###.######### #.....#
#######


You could see Terence.

Vanquished Creatures
  An adder (D:2)
  2 giant geckos
  A ball python (D:2)
  2 bats
  5 goblins (D:1)
  4 hobgoblins
  A giant cockroach (D:1)
  2 giant newts (D:1)
  4 jackals (D:1)
  3 kobolds (D:1)
  2 rats (D:1)
27 creatures vanquished.

Notes
Turn   | Place    | Note
--------------------------------------------------------------
     0 | D:1      | Econoterrorist, the Demonspawn Transmuter, began the quest for the Orb.
     0 | D:1      | Reached XP level 1. HP: 15/15 MP: 3/3
   228 | D:1      | Reached skill level 3 in Unarmed Combat
   344 | D:1      | Gained mutation: You have a pair of small horns on your head. [demonic ancestry]
   344 | D:1      | Reached XP level 2. HP: 19/21 MP: 4/4
   435 | D:1      | Found a sparkling altar of Nemelex Xobeh.
  1207 | D:2      | Reached XP level 3. HP: 14/26 MP: 4/6
  1364 | D:2      | Reached skill level 4 in Unarmed Combat
  1397 | D:2      | Noticed Terence
  1423 | D:2      | HP: 1/26 [Terence/hand axe of flaming (1)]
  1427 | D:2      | Mangled by Terence

Action                   || total
-------------------------++-------
Melee: Unarmed           ||    95
 Cast: Beastly Appendage ||    14
  Use: Scroll            ||     1
       Potion            ||     1
  Eat: Chunk             ||     2
